 Dungeon Crawl Stone Soup version 0.19-a0-283-g61a59a3 (webtiles) character file.

10916 Delvonshi the Scholar (level 11, -1/97 HPs)
             Began as a Grey Draconian Wizard on May 27, 2016.
             Was an Elder of Sif Muna.
             Slain by a torpor snail (21 damage)
             ... on level 3 of the Lair of Beasts.
             The game lasted 01:00:38 (14981 turns).

Delvonshi the Scholar (Grey Draconian Wizard)      Turns: 14981, Time: 01:00:38

Health: -1/97      AC: 14    Str: 11    XL:     11   Next: 42%
Magic:  16/21      EV: 12    Int: 24    God:    Sif Muna [****..]
Gold:   689        SH:  0    Dex: 10    Spells: 4 memorised, 14 levels left

rFire  . . .     SeeInvis .     T - +2 spear of Battle {flame, +Inv Str+2}
rCold  . . .     Gourm    .     (armour unavailable)
rNeg   . . .     Faith    .     (no shield)
rPois  +         Spirit   .     a - +0 hat
rElec  .         Dismiss  .     u - +0 cloak
rCorr  .         Reflect  .     (no gloves)
SustAt .         Harm     .     D - +0 pair of boots
MR     .....                    (no amulet)
Stlth  ++........               w - +2 ring of intelligence
                                M - ring of poison resistance

@: slowed, very slow, not resistant to hostile enchantments, unstealthy
A: walk through water, unfitting armour, unbreathing, cold-blooded, AC +12
a: Channel Energy, Forget Spell, Renounce Religion, Evoke Invisibility


You were on level 3 of the Lair of Beasts.
You worshipped Sif Muna.
Sif Muna was greatly pleased with you.
You were not hungry.

You visited 3 branches of the dungeon, and saw 14 of its levels.
You also visited: Ossuary.

You collected 773 gold pieces.
You spent 84 gold pieces at shops.

Inventory:

Hand Weapons
 g - a +1 whip of pain
 o - a +1 dagger of venom
 A - a +2 whip of electrocution
 T - the +2 spear of Battle (weapon) {flame, +Inv Str+2}
   (You found it on level 2 of the Lair of Beasts)

   It has been specially enchanted to burn those struck by it, causing extra
   injury to most foes and up to half again as much damage against particularly
   susceptible opponents.
   It affects your strength (+2).
   It lets you turn invisible.
Missiles
 G - 11 tomahawks (quivered)
 L - 2 javelins
Armour
 a - a +0 hat (worn)
 u - a +0 cloak (worn)
 D - a +0 pair of boots (worn)
Jewellery
 q - an uncursed ring of positive energy
 w - a +2 ring of intelligence (right hand)
 E - an uncursed ring of stealth
 M - a ring of poison resistance (left hand)
 P - an uncursed ring of ice
 X - a cursed -3 ring of dexterity {unknown}
Wands
 R - a wand of confusion (29/48)
 U - a wand of paralysis (9/24)
 W - a wand of lightning (10/15)
Scrolls
 e - 4 scrolls of immolation {unknown}
 f - 2 scrolls of enchant weapon {unknown}
 h - 5 scrolls of remove curse
 j - a scroll of silence {unknown}
 n - 2 scrolls of magic mapping
 t - 7 scrolls of teleportation
 y - 3 scrolls of fear {unknown}
 z - a scroll of amnesia {unknown}
 C - 11 scrolls of identify
 I - 3 scrolls of enchant armour {unknown}
 J - 2 scrolls of vulnerability {unknown}
 K - a scroll of blinking {unknown}
 V - 3 scrolls of recharging {unknown}
Potions
 d - 7 potions of heal wounds
 i - 6 potions of flight {unknown}
 k - a potion of lignification {unknown}
 m - 4 potions of curing {unknown}
 r - 4 potions of might
 s - 5 potions of resistance
 v - 2 potions of magic {unknown}
 x - a potion of degeneration {unknown}
 B - a potion of brilliance {unknown}
 F - a potion of mutation {unknown}
 H - a potion of beneficial mutation {unknown}
 O - 3 potions of agility
 Q - a potion of berserk rage {unknown}
Books
 b - a book of Minor Magic

   Spells                             Type                      Level
   a - Magic Dart                     Conjuration                  1
   b - Blink                          Translocation                2
   c - Call Imp                       Summoning                    2
   d - Repel Missiles                 Charms/Air                   2
   e - Slow                           Hexes                        2
   f - Conjure Flame                  Conjuration/Fire             3
   g - Mephitic Cloud                 Conjuration/Poison/Air       3
Comestibles
 c - 3 bread rations
 l - 3 fruits
 p - 5 meat rations
 N - a royal jelly
 S - a beef jerky


   Skills:
 - Level 9.0 Fighting
 + Level 3.6 Polearms
 - Level 1.7 Dodging
 - Level 1.7 Stealth
 + Level 6.7 Spellcasting
 - Level 5.7 Conjurations
   Level 1.0 Summonings
 - Level 4.0 Translocations
 - Level 5.3 Fire Magic
 - Level 3.1 Air Magic
 - Level 5.3 Poison Magic
 - Level 9.8 Invocations


You had 14 spell levels left.
You knew the following spells:

 Your Spells              Type           Power        Failure   Level  Hunger
a - Magic Dart            Conj           ####         1%          1    None
b - Mephitic Cloud        Conj/Pois/Air  ####....     3%          3    None
c - Blink                 Tloc           N/A          1%          2    None
d - Conjure Flame         Conj/Fire      ####....     2%          3    None


Dungeon Overview and Level Annotations

Branches:
Dungeon (10/15)            Temple (1/1) D:4            Lair (3/8) D:8
    Orc (0/2) D:9
  Swamp: Lair:3-6    Shoals: Lair:3-6     Snake: Lair:3-6    Spider: Lair:3-6

Altars:
Ashenzari
Cheibriados
Dithmenos
Elyvilon
Fedhas
Gozag
Hepliaklqana
Kikubaaqudgha
Makhleb
Nemelex Xobeh
Okawaru
Pakellas
Qazlal
Ru
Sif Muna
Trog
Ukayaw
Vehumet
Xom
Yredelemnul
Zin
The Shining One

Shops:
D:6 (   D:10 *


Innate Abilities, Weirdness & Mutations

You can walk through water.
Your dull iron-grey scales are very hard (AC +12).
Your body does not fit into most forms of armour.
You can survive without breathing.
You are cold-blooded and may be slowed by cold attacks.


Message History

* * * LOW HITPOINT WARNING * * *
Casting: Mephitic Cloud
Confirm with . or Enter, or press ? or * to list all spells.
Aiming: Mephitic Cloud
Press: ? - help, Shift-Dir - straight line, f - crocodile
Aim: a crocodile The ball explodes into a vile cloud!
The stinking cloud engulfs the crocodile.
The stinking cloud engulfs you!
The stinking cloud engulfs the torpor snail.
The crocodile is engulfed in noxious fumes.
The crocodile appears confused.
The torpor snail is engulfed in noxious fumes.
You hit the torpor snail. You burn the torpor snail.
The torpor snail is lightly wounded.
You hit the torpor snail but do no damage.
The torpor snail is lightly wounded.
The torpor snail is engulfed in noxious fumes.
The torpor snail appears confused.
The torpor snail bites you!!
You die...

.P.#P#.#......#.. ##....#
..<.......#.#..#t #.....##..
..............##.#.#.#.....#
....#..#...#####..##........
##.P#..#P..#####.P#..#.....
#.....##..#................#
####..###.......§.§....#.#.#
#...#......###w##..##
#...#.....###@§##.##
#..P#..#..# ##.##.#
#......#..###.....#
...........#...#.#
#.##.#.........#...# #
#####...#.P#...##
#..........# ##.#.#######
#..#.


You could see a torpor snail (confused).

Vanquished Creatures
  The ghost of dialectric the Nimble, a novice MiGl (D:6)
  Pikel (D:4)
  Joseph (D:9)
  Psyche (D:9)
  3 spiny frogs (Lair:2)
  2 komodo dragons
  13 yaks
  A wyvern (D:8)
  2 basilisks
  2 hippogriffs
  4 water moccasins
  2 porcupines
  The ghost of GlassEater the Covert, an amateur SpAs (D:3)
  A slave (D:3)
  2 phantoms
  5 orc warriors
  A wasp (D:9)
  2 ice beasts
  2 black bears
  A sky beast (D:7)
  A necrophage (D:7)
  4 ogres
  2 centaurs
  2 crocodiles (Lair:1)
  A big kobold (D:7)
  An elf zombie (Ossuary)
  3 giant frogs
  A wyvern skeleton (D:10)
  A scorpion (D:4)
  A water moccasin skeleton (D:7)
  6 killer bees (D:8)
  A howler monkey (D:4)
  4 crimson imps
  2 centaur zombies (Ossuary)
  4 human zombies (Ossuary)
  2 giant frog zombies
  9 orc priests
  3 jellies
  2 centaur skeletons (D:7)
  A giant frog skeleton (D:8)
  4 hounds
  12 orc wizards
  4 iguanas
  4 worker ants
  2 big kobold zombies (Ossuary)
  A hound zombie (D:7)
  4 mummies
  A howler monkey skeleton (D:8)
  A worker ant zombie (D:8)
  9 adders
  18 river rats (Lair:2)
  2 shadow imps
  2 oozes
  3 adder zombies (Ossuary)
  3 adder skeletons
  3 worms
  2 dart slugs
  3 giant geckos
  53 orcs
  5 bats
  2 giant cockroaches
  3 hobgoblins
  2 jackals (D:9)
  7 quokkas
  A giant gecko skeleton (D:8)
  5 giant newts
  10 goblins
  A goblin zombie (Ossuary)
  5 hobgoblin zombies (Ossuary)
  3 jackal zombies
  16 kobolds
  6 kobold zombies
  4 orc zombies (Ossuary)
  5 quokka zombies (Ossuary)
  6 rats
  3 rat zombies (Ossuary)
314 creatures vanquished.

Vanquished Creatures (collateral kills)
  A killer bee (D:8)
1 creature vanquished.

Vanquished Creatures (others)
  A bush (Lair:2)
  3 fungi
4 creatures vanquished.

Grand Total: 319 creatures vanquished

Notes
Turn   | Place    | Note
--------------------------------------------------------------
     0 | D:1      | Delvonshi the Draconian Wizard began the quest for the Orb.
     0 | D:1      | Reached XP level 1. HP: 14/14 MP: 4/4
   331 | D:1      | Reached XP level 2. HP: 17/20 MP: 3/6
   920 | D:2      | Reached XP level 3. HP: 26/26 MP: 7/7
   969 | D:2      | Learned a level 3 spell: Mephitic Cloud
  1161 | D:2      | Found a sparkling altar of Nemelex Xobeh.
  1163 | D:2      | Found a deep blue altar of Sif Muna.
  1166 | D:2      | Found a hide-covered altar to Ukayaw.
  1167 | D:2      | Found an opulent altar of Gozag.
  1167 | D:2      | Found a glowing silver altar of Zin.
  1168 | D:2      | Found a sacrificial altar of Ru.
  1171 | D:2      | Became a worshipper of Sif Muna the Loreminder
  1598 | D:3      | Reached skill level 1 in Poison Magic
  1599 | D:3      | Reached skill level 1 in Fighting
  1599 | D:3      | Reached XP level 4. HP: 35/35 MP: 6/8
  1608 | D:3      | Reached skill level 1 in Air Magic
  1897 | D:3      | Noticed GlassEater's ghost (amateur SpAs)
  2107 | D:3      | Learned a level 2 spell: Blink
  2697 | D:3      | Killed GlassEater's ghost
  2697 | D:3      | Reached XP level 5. HP: 36/42 MP: 2/9
  2773 | D:4      | Reached XP level 6. HP: 50/50 MP: 10/10
  2809 | D:4      | Noticed Pikel
  2809 | D:4      | Noticed a slave
  2810 | D:4      | Noticed a slave
  2840 | D:3      | Killed a slave
  3132 | D:4      | Found a basalt altar of Yredelemnul.
  3419 | D:4      | Found a snail-covered altar of Cheibriados.
  3438 | D:4      | Reached * piety under Sif Muna
  3486 | D:4      | Found a staircase to the Ecumenical Temple.
  3512 | Temple   | Entered the Ecumenical Temple
  3834 | D:4      | Your scales start taking on a dull iron-grey colour.
  3834 | D:4      | Reached XP level 7. HP: 59/59 MP: 5/11
  3834 | D:4      | Gained mutation: You can survive without breathing. [Grey Draconian growth]
  3928 | D:4      | Killed Pikel
  3928 | D:4      | Reached ** piety under Sif Muna
  3928 | D:4      | Reached skill level 5 in Fighting
  3928 | D:4      | Reached XP level 8. HP: 37/68 MP: 6/12
  4129 | D:4      | Reached skill level 5 in Poison Magic
  4183 | D:4      | Found a white marble altar of Elyvilon.
  4496 | D:5      | Entered Level 5 of the Dungeon
  5211 | D:5      | Reached skill level 1 in Invocations
  5799 | D:6      | Noticed dialectric's ghost (novice MiGl)
  6235 | D:6      | Found Teuschoe's Antique Weapon Shop.
  6262 | D:6      | Found a sand-covered staircase.
  6344 | Ossuary  | Entered an ossuary
  6843 | Ossuary  | Reached XP level 9. HP: 67/78 MP: 13/13
  7005 | D:6      | Reached skill level 5 in Conjurations
  7164 | D:6      | Found a shimmering altar of Xom.
  7852 | D:6      | Killed dialectric's ghost
  7852 | D:6      | Reached skill level 5 in Invocations
  8025 | D:7      | Learned a level 3 spell: Conjure Flame
  8029 | D:7      | Found an oddly glowing altar of Pakellas.
  8166 | D:7      | Reached skill level 1 in Fire Magic
  8586 | D:7      | Reached *** piety under Sif Muna
  9070 | D:8      | Noticed Psyche
  9071 | D:8      | Reached XP level 10. HP: 75/90 MP: 9/14
  9496 | D:8      | Found an opulent altar of Gozag.
  9849 | D:8      | Found a staircase to the Lair.
 10317 | D:9      | Killed Psyche
 10369 | D:9      | Noticed Joseph
 10391 | D:9      | Killed Joseph
 10391 | D:9      | Reached skill level 5 in Fire Magic
 10810 | D:9      | Found a staircase to the Orcish Mines.
 11551 | D:10     | Entered Level 10 of the Dungeon
 11559 | D:10     | Found Parohama's General Store.
 11813 | D:10     | Bought a potion of agility for 56 gold pieces
 11813 | D:10     | Bought a scroll of identify for 28 gold pieces
 11870 | D:10     | Noticed a red ugly thing
 12053 | Lair:1   | Entered Level 1 of the Lair of Beasts
 12673 | Lair:1   | Found a dark tunnel.
 12673 | Lair:1   | Noticed a lindwurm
 12806 | Lair:2   | Reached skill level 5 in Spellcasting
 13163 | Lair:2   | Got a jewelled spear
 13164 | Lair:2   | Identified the +2 spear of Battle {flame, +Inv Str+2} (You found it on level 2 of the Lair of Beasts)
 13285 | Lair:2   | Reached XP level 11. HP: 90/97 MP: 18/18
 13384 | Lair:2   | Reached **** piety under Sif Muna
 14005 | Lair:2   | Reached skill level 1 in Polearms
 14981 | Lair:3   | Slain by a torpor snail

Vault maps used:
D:1:      dpeg_arrival_water_temple_mockup, minmay_misc_feat_columns,
          minmay_misc_feat_cross
D:2:      grunt_temple_overflow_open
D:4:      kennysheep_ying_yang, lemuel_crystal_altar, temple_fountains,
          first_bread, uniq_pikel
D:5:      corner_web_ring
D:6:      nicolae_ossuary_entry_giza, serial_shops, shop, eino_tiny_chamber,
          xom_teletrap_fun
D:7:      nicolae_overflow_crystal_walls
D:8:      lair_0_dummy, basic_altar, uniq_psyche
D:9:      david_orc_1_choice, uniq_joseph
D:10:     serial_shops, kennysheep_mini_moat
Temple:   eino_narrow_crystal_temple_a_12
Lair:1:   nicolae_volcano_entry_vermiform, grunt_megastairs_4,
          infiniplex_staircase_pool_2
Lair:3:   lemuel_fruit_fields, grunt_megastairs_5, uniq_nergalle
Ossuary:  minmay_ossuary_two_tombs

Skill      XL: |  1  2  3  4  5  6  7  8  9 10 11 |
---------------+----------------------------------+-----
Conjurations   | 2 3 4 5 |  5.7
Poison Magic   | 1 2 3 4 5 |  5.3
Fighting       | 1 2 4 5 6 8 9 |  9.0
Air Magic      | 2 3 |  3.1
Translocations | 3 4 |  4.0
Invocations    | 3 6 9 |  9.8
Fire Magic     | 3 5 |  5.3
Spellcasting   | 5 6 |  6.7
Polearms       | 3 |  3.6
Dodging        | |  1.7
Stealth        | |  1.7
Summonings     | |  1.0

Action                   |  1- 3 |  4- 6 |  7- 9 | 10-12 || total
-------------------------+-------+-------+-------+-------++-------
Melee: Whip              |    63 |       |   343 |   417 ||   823
       Unarmed           |     6 |       |       |       ||     6
       Tailslap          |     6 |    12 |    56 |    43 ||   117
       Dagger            |    29 |   201 |   298 |       ||   528
       Spear             |       |       |       |   124 ||   124
 Cast: Magic Dart        |    16 |    67 |    45 |    12 ||   140
       Mephitic Cloud    |       |     1 |    17 |    35 ||    53
       Conjure Flame     |       |       |     2 |    13 ||    15
       Blink             |       |       |       |     1 ||     1
  Use: Scroll            |       |       |     7 |     2 ||     9
 Stab: Sleeping          |     1 |     4 |     4 |     1 ||    10
       Confused          |       |       |     6 |     2 ||     8
       Distracted        |       |       |       |     1 ||     1
  Eat: Chunk             |     2 |     7 |    12 |    18 ||    39
       Bread ration      |       |       |     1 |       ||     1
       Beef jerky        |       |       |     1 |       ||     1
       Fruit             |       |       |     2 |     5 ||     7
Armor: Skin              |    31 |    75 |   257 |   233 ||   596
Dodge: Dodged            |    70 |   127 |   402 |   384 ||   983
